 Dungeon Crawl Stone Soup version 0.27-a0-1434-g6f15984 (webtiles) character file.

Game seed: 1898738751965891825

177 HDogLeCool the Cudgeller (level 5, -1/33 HPs)
             Began as a Gargoyle Berserker on July 3, 2021.
             Was a Believer of Trog.
             Slain by a killer bee (5 damage)
             ... on level 4 of the Dungeon.
             The game lasted 00:04:55 (2828 turns).

HDogLeCool the Cudgeller (Gargoyle Berserker)       Turns: 2828, Time: 00:04:57

Health: -1/33      AC: 10    Str: 21    XL:     5   Next: 57%
Magic:  5/5        EV: 12    Int:  8    God:    Trog [**....]
Gold:   160        SH:  0    Dex:  9    Spells: 4/4 levels left

rFire    + . .     SeeInvis +   a - +0 mace
rCold    . . .     Faith    .   (no shield)
rNeg     + . .     Spirit   .   b - +0 animal skin
rPois    ∞         Reflect  .   e - +2 helmet
rElec    +         Harm     .   o - +0 cloak
rCorr    .         Rampage  .   (no gloves)
Will     .....                  (no boots)
Stlth    +.........             (no amulet)
HPRegen  0.11/turn              m - ring of see invisible
MPRegen  0.09/turn              q - ring of protection from fire

@: on berserk cooldown, slowed, very slow
A: sickness immunity, AC +4, negative energy resistance 1, electricity
resistance, torment resistance 1, petrification resistance
a: Renounce Religion, Berserk, Trog's Hand


You were on level 4 of the Dungeon.
You worshipped Trog.
Trog was pleased with you.
You visited 1 branch of the dungeon, and saw 4 of its levels.

You collected 160 gold pieces.

Inventory:

Hand Weapons
 a - a +0 mace (weapon)
Armour
 b - a +0 animal skin (worn)
 e - a +2 helmet (worn)
 o - a +0 cloak (worn)
Jewellery
 d - an amulet of faith
 m - a ring of see invisible (left hand)
 p - a ring of magical power
 q - a ring of protection from fire (right hand)
Scrolls
 c - 3 scrolls of identify {unknown}
 g - a scroll of fog {unknown}
 h - a scroll of enchant armour {unknown}
 i - a scroll of torment {unknown}
 j - a scroll of blinking {unknown}
 k - 2 scrolls of magic mapping {unknown}
 l - a scroll of teleportation {unknown}
 r - a scroll of enchant weapon {unknown}
Potions
 f - a potion of flight {unknown}
 n - a potion of brilliance {unknown}


   Skills:
 + Level 4.2 Fighting
 * Level 4.5 Maces & Flails
 + Level 3.2 Armour
 + Level 2.3 Dodging


You had 4 spell levels left.
You didn't know any spells.
Your spell library was empty.

Dungeon Overview and Level Annotations

Branches:
Dungeon (4/15)
 Temple: D:4-7

Altars:
Nemelex Xobeh

Shops:
D:3 [


Innate Abilities, Weirdness & Mutations

You are immune to sickness and miasma.
Your stone body is resilient. (AC +4)
You are immune to poison.
You resist negative energy. (rN+)
You are resistant to electric shocks. (rElec)
You are resistant to unholy torment.
You are immune to petrification.


Message History

The killer bee is heavily wounded.
The killer bee stings you but does no damage.
The killer bee closely misses you. The killer bee stings you.
The killer bee stings you but does no damage. x2
You closely miss the killer bee.
The killer bee is heavily wounded.
The killer bee barely misses you. The killer bee closely misses you.
The killer bee barely misses you. The killer bee stings you.
You closely miss the killer bee.
The killer bee is heavily wounded.
The killer bee stings you but does no damage.
The killer bee barely misses you. The killer bee closely misses you. x2
The killer bee barely misses you.
You sock the killer bee!
You kill the killer bee!
Trog accepts your kill.
The killer bee stings you but does no damage. x2
The killer bee stings you.
You barely miss the killer bee. The killer bee stings you.
The killer bee stings you but does no damage. x3
The killer bee closely misses you.
You miss the killer bee.
You are no longer berserk.
You are exhausted.
You feel yourself slow down. The killer bee stings you. x2
The killer bee stings you but does no damage.
The killer bee stings you.
You are too injured to fight recklessly!
You are too injured to fight recklessly!
You are too injured to fight recklessly!
You are too injured to fight recklessly!
The killer bee barely misses you. The killer bee stings you.
You barely miss the killer bee. The killer bee barely misses you.
The killer bee stings you.
* * * LOW HITPOINT WARNING * * *
The killer bee stings you but does no damage. x2
The killer bee stings you.
* * * LOW HITPOINT WARNING * * *
The killer bee closely misses you. The killer bee stings you.
You die...

..≈.. ##.... # ##
#≈≈≈≈ .
..##.##...###..
...............
.................
#........†y.......
#.... ####y####
#....##..y@y..#
#.............#
#.............#
#.............#
#.............#
#.............#
#.............#
#....##.......#
############'##


You could see 4 killer bees.

Vanquished Creatures
  2 killer bees (D:4)
  2 adders (D:3)
  4 worms
  A dart slug (D:3)
  2 endoplasms (D:3)
  5 giant cockroaches
  7 goblins
  8 hobgoblins
  2 jackals (D:2)
  A quokka (D:2)
  5 ball pythons
  5 bats
  6 frilled lizards
  4 kobolds
  4 rats (D:2)
58 creatures vanquished.

Notes
Turn   | Place    | Note
-------+----------+-------------------------------------------
     0 | D:1      | HDogLeCool the Gargoyle Berserker began the quest for the
                  | Orb.
     0 | D:1      | Reached XP level 1. HP: 14/14 MP: 1/1
   375 | D:1      | Reached XP level 2. HP: 19/19 MP: 2/2
   865 | D:2      | Reached XP level 3. HP: 23/24 MP: 3/3
   930 | D:2      | Reached ** piety under Trog
  1761 | D:3      | Reached XP level 4. HP: 20/29 MP: 4/4
  2160 | D:3      | Found Xurux's Antique Armour Emporium.
  2273 | D:3      | Found a faded altar of an unknown god.
  2610 | D:3      | Found a sparkling altar of Nemelex Xobeh.
  2817 | D:4      | Reached XP level 5. HP: 33/33 MP: 5/5
  2828 | D:4      | Slain by a killer bee

Illustrated notes

Levels and vault maps discovered:
D:1:      zelgadis_glass_arrival_small, layout_loops_ring, serial_bayou_crossing
D:2:      layout_basic
D:3:      layout_loops_ring, marbit_many_paths, serial_shops, shop,
          chequers_ecumenical_altar_lobes
D:4:      kennysheep_six_static_rooms, layout_gridville, serial_shops,
          shop_fountains, shop, chequers_serial_rivers_micro_e

Skill      XL: |  1  2  3  4 |
---------------+-------------+-----
Dodging        | 2 |  2.3
Maces & Flails | 4 |  4.5
Fighting       | 4 |  4.2
Armour         | 3 |  3.2

Action                   |  1- 3 |  4- 6 || total
-------------------------+-------+-------++-------
Melee: Mace              |   135 |    53 ||   188
Invok: Berserk           |       |     1 ||     1
Armor: Animal skin       |    65 |    31 ||    96
Dodge: Dodged            |   110 |    56 ||   166

Table legend: (Time is in decaauts)
 A = Elapsed time spent in this place.
 B = Non-inter-level travel time spent in this place.
 C = Inter-level travel time spent in this place.
 D = Time resting spent in this place.
 E = Time spent auto-exploring this place.
 F = Levels seen in this place.
 G = Mean time per level.
                   A        B        C        D        E       F      G
               +--------+--------+--------+--------+--------+-----+--------+
         Total |   2872 |   2648 |    224 |     99 |   2144 |   4 |  718.0 |
       Dungeon |   2872 |   2648 |    224 |     99 |   2144 |   4 |  718.0 |
               +--------+--------+--------+--------+--------+-----+--------+

Top non-repeatable levels by time:
     D:3: 1129 daAuts
     D:2: 854 daAuts
     D:1: 794 daAuts
     D:4: 94 daAuts
